 Dungeon Crawl Stone Soup version 0.30-a0-414-gcb316572d5 (webtiles) character file.

Game seed: 6183760668784359635

54 McMuffin the Gusty (level 4, -1/30 HPs)
             Began as a Human Air Elementalist on Dec 7, 2022.
             Slain by a gnoll
             ... wielding a +0 flail
              (6 damage)
             ... on level 3 of the Dungeon.
             The game lasted 00:07:02 (618 turns).

McMuffin the Gusty (Human Air Elementalist)          Turns: 618, Time: 00:07:03

Health: -1/30      AC:  2    Str:  8    XL:     4   Next: 12%
Magic:  0/7        EV:  6    Int: 18    God:
Gold:   45         SH:  0    Dex: 13    Spells: 4/7 levels left

rFire   . . .      SeeInvis .    f - +0 short sword
rCold   . . .      Faith    .    (no shield)
rNeg    . . .      Spirit   .    a - +0 robe
rPois   .          Reflect  .    (no helmet)
rElec   .          Harm     .    (no cloak)
rCorr   .          Rampage  .    (no gloves)
Will    .....                    (no boots)
Stlth   ++........               (no amulet)
HPRegen 0.25/turn                (no ring)
MPRegen 0.10/turn                (no ring)

@: held
A: no striking features
a: no special abilities


You were on level 3 of the Dungeon.
You visited 1 branch of the dungeon, and saw 3 of its levels.

You collected 45 gold pieces.

Inventory:

Hand Weapons
 e - a +0 sling of flaming
 f - a +0 short sword (weapon)
Missiles
 d - 5 boomerangs
Armour
 a - a +0 robe (worn)
Scrolls
 c - a scroll of immolation {unknown}
 g - a scroll of fear {unknown}
 h - a scroll of teleportation {unknown}
 i - 2 scrolls of blinking {unknown}
 j - 2 scrolls of identify {unknown}
 k - a scroll of vulnerability {unknown}
Potions
 b - a potion of magic


   Skills:
 + Level 0.3 Fighting
 + Level 0.1 Short Blades
 + Level 1.2 Ranged Weapons
 + Level 2.2 Dodging
 + Level 2.0 Stealth
 + Level 2.4 Spellcasting
 + Level 1.1 Conjurations
 + Level 3.8 Air Magic


You had 4 spell levels left.
You knew the following spells:

 Your Spells              Type           Power      Damage    Failure   Level
a - Shock                 Conj/Air       44%        1d5       6%          1
b - Static Discharge      Conj/Air       22%        2-3/arc   10%         2

Your spell library contained the following spells:

 Spells                   Type           Power      Damage    Failure   Level
 Swiftness                Air            15%        N/A       11%         3
 Airstrike                Air            7%         2d(2-18)  36%         4


Dungeon Overview and Level Annotations

Branches:
Dungeon (3/15)

Altars:

Shops:
D:2 *


Message History

The gnoll is heavily wounded.
The zap hits the ogre.
The ogre is heavily wounded.
The gnoll closely misses you.
Aiming: Shock (safe; 7% risk of failure)
Press: ? - help, Q - select action, (/) - cycle Shift-Dir - straight line, f/p - ogre
Aim: an ogre, wielding a +0 giant spiked club (heavily wounded, 85% to hit)
The zap hits the gnoll.
The gnoll is almost dead.
The zap hits the gnoll but does no damage.
The gnoll is heavily wounded.
The zap hits the ogre.
The ogre is heavily wounded.
The gnoll hits you with a +0 flail.
The gnoll throws a throwing net.
The throwing net hits you.
You become entangled in the net!
Aiming: Shock (safe; 7% risk of failure)
Press: ? - help, Q - select action, (/) - cycle Shift-Dir - straight line, f/p - ogre
Aim: an ogre, wielding a +0 giant spiked club (heavily wounded, 85% to hit)
The zap hits the gnoll.
You kill the gnoll!
The zap hits the orc.
The orc is heavily wounded.
The zap hits the ogre.
The ogre is severely wounded.
You have reached level 4!
You feel clever.
Aiming: Shock (safe; 6% risk of failure)
Press: ? - help, Q - select action, (/) - cycle Shift-Dir - straight line, f/p - ogre
Aim: an ogre, wielding a +0 giant spiked club (severely wounded, 85% to hit)
The zap hits the orc.
The orc is almost dead.
The zap hits the ogre.
The ogre is almost dead.
The gnoll closely misses you. The gnoll hits you with a +0 whip.
You tear a large gash into the net.
The gnoll hits you with a +0 flail!
* * * LOW HITPOINT WARNING * * *
The gnoll barely misses you. The orc hits you with a +0 dagger.
* * * LOW HITPOINT WARNING * * *
You struggle against the net.
The gnoll hits you with a +0 flail.
You die...

#. ...... .#
#....## ..##
#.#...# ...
#.#.#.###
###.##.#.#...#
#............ #.
#..#..##.## .
#........## .##.
###.###.@g.#
.##.# ##...#
##go.#
>....###..###
##O.....
..##...#.##
##.....
..##......####
.....
..####..#..<....
....
...........####.
... <.)...)....#
... ##.........#


You could see an ogre, 2 gnolls and an orc.

Vanquished Creatures
  A gnoll (D:3)
  A worm (D:2)
  2 dart slugs (D:2)
  An orc (D:3)
  3 ball pythons
  5 bats (D:2)
  3 endoplasms (D:1)
  3 giant cockroaches
  A goblin (D:2)
  4 hobgoblins
  A frilled lizard (D:3)
  3 kobolds
  6 rats
34 creatures vanquished.

Vanquished Creatures (others)
  A goblin (D:2)
1 creature vanquished.

Grand Total: 35 creatures vanquished

Notes
Turn   | Place    | Note
-------+----------+-------------------------------------------
     0 | D:1      | McMuffin the Human Air Elementalist began the quest for the
                  | Orb.
     0 | D:1      | Reached XP level 1. HP: 13/13 MP: 3/3
   167 | D:1      | Reached XP level 2. HP: 19/19 MP: 5/5
   246 | D:2      | Reached XP level 3. HP: 24/24 MP: 0/6
   404 | D:2      | Learned a level 2 spell: Static Discharge
   424 | D:2      | Reached skill level 1 in Ranged Weapons
   480 | D:2      | Found a faded altar of an unknown god.
   527 | D:2      | Found Fagheh's Assorted Antiques.
   610 | D:3      | Noticed an ogre
   616 | D:3      | Reached XP level 4. HP: 21/30 MP: 1/7
   618 | D:3      | Slain by a gnoll

Illustrated notes

Levels and vault maps discovered:
D:1:      minmay_arrival_five_plusses, layout_basic, serial_shops,
          nicolae_shop_advertising_works [nicolae_subvault_shop_adworks],
          hangedman_decor_growths
D:2:      layout_rooms, hellmonk_ecumenical_altar_crossroads, serial_shops,
          shop_fountains, minmay_misc_feat_roman
D:3:      layout_rooms, uniq_natasha

Skill      XL: |  1  2  3 |
---------------+----------+-----
Ranged Weapons | 1 |  1.2
Fighting       | |  0.3
Short Blades   | |  0.1
Dodging        | |  2.2
Stealth        | |  2.0
Spellcasting   | |  2.4
Conjurations   | |  1.1
Air Magic      | |  3.8

Action                   |  1- 3 |  4- 6 || total
-------------------------+-------+-------++-------
Melee: Short sword       |    42 |       ||    42
 Fire: Sling             |    16 |       ||    16
 Cast: Shock             |    32 |     1 ||    33
Armor: Robe              |    18 |       ||    18
Dodge: Dodged            |    47 |     2 ||    49

Table legend: (Time is in decaauts)
 A = Elapsed time spent in this place.
 B = Non-inter-level travel time spent in this place.
 C = Inter-level travel time spent in this place.
 D = Time resting spent in this place.
 E = Time spent auto-exploring this place.
 F = Levels seen in this place.
 G = Mean time per level.
                   A        B        C        D        E       F      G
               +--------+--------+--------+--------+--------+-----+--------+
         Total |    622 |    622 |      0 |      0 |      0 |   3 |  207.3 |
       Dungeon |    622 |    622 |      0 |      0 |      0 |   3 |  207.3 |
               +--------+--------+--------+--------+--------+-----+--------+

Top non-repeatable levels by time:
     D:2: 398 daAuts
     D:1: 184 daAuts
     D:3: 39 daAuts
